 Dungeon Crawl Stone Soup version 0.21-a0-504-g2eda330 (webtiles) character file.

298 4thArraOfDagon the Firebug (level 6, -3/41 HPs)
             Began as a Barachi Fire Elementalist on Nov 25, 2017.
             Slain by a worker ant (5 damage)
             ... on level 7 of the Dungeon.
             The game lasted 00:04:17 (569 turns).

4thArraOfDagon the Firebug (BaFE)                    Turns: 569, Time: 00:04:18

Health: -3/41      AC:  3    Str:  9    XL:     6   Next: 36%
Magic:  1/11       EV: 12    Int: 22    God:
Gold:   53         SH:  0    Dex: 13    Spells: 3/11 levels left

rFire    . . .     SeeInvis .   i - +0 flail
rCold    . . .     Gourm    .   (no shield)
rNeg     . . .     Faith    .   a - +0 robe
rPois    .         Spirit   .   (no helmet)
rElec    .         Reflect  .   (no cloak)
rCorr    .         Harm     .   e - +0 pair of gloves
MR       .....                  (no boots)
Stlth    ++........             (no amulet)
HPRegen  0.13/turn              (no ring)
MPRegen  0.12/turn              (no ring)

@: brilliant, can't hop, slow
A: +LOS, swims, slowness 1, strong legs 1
a: Hop


You were on level 7 of the Dungeon.
You were not hungry.

You visited 1 branch of the dungeon, and saw 7 of its levels.

You collected 53 gold pieces.

Inventory:

Hand Weapons
 i - a +0 flail (weapon)
Armour
 a - a +0 robe (worn)
 e - a +0 pair of gloves (worn)
 h - a +0 ring mail
Books
 b - a book of Flames

   Spells                             Type                      Level
   a - Flame Tongue                   Conjuration/Fire             1
   b - Throw Flame                    Conjuration/Fire             2
   c - Conjure Flame                  Conjuration/Fire             3
   d - Inner Flame                    Hexes/Fire                   3
   e - Sticky Flame                   Conjuration/Fire             4
   f - Fireball                       Conjuration/Fire             5
 j - a book of Clouds

   Spells                             Type                      Level
   a - Poisonous Vapours              Poison/Air                   2
   b - Mephitic Cloud                 Conjuration/Poison/Air       3
   c - Conjure Flame                  Conjuration/Fire             3
   d - Freezing Cloud                 Conjuration/Ice/Air          6
   e - Ring of Flames                 Charms/Fire                  7
Comestibles
 c - a bread ration
 d - a royal jelly
 m - a chunk of flesh


   Skills:
 - Level 2.1 Dodging
 - Level 1.7 Stealth
 + Level 3.4 Spellcasting
 * Level 4.3 Conjurations
 * Level 5.4 Fire Magic


You had 3 spell levels left.
You knew the following spells:

 Your Spells              Type           Power        Failure   Level  Hunger
a - Flame Tongue          Conj/Fire      #####        1%          1    None
b - Conjure Flame         Conj/Fire      #####...     1%          3    ###....
c - Sticky Flame          Conj/Fire      #####...     1%          4    ####...


Dungeon Overview and Level Annotations

Branches:
Dungeon (7/15)
 Temple: D:4-7

Altars:
Fedhas
Okawaru

Annotations:
D:5 Pikel


Innate Abilities, Weirdness & Mutations

Shadows flee at your approach. (+LOS)
You can swim through water.
You cover ground slowly.
You can hop short distances.


Message History

Press: ? - help, Shift-Dir - straight line, f - worker ant
Aim: a worker ant The flame tongue hits the worker ant.
The worker ant appears unharmed.
The orc wizard gestures at you while chanting.
You resist with some effort.
You aren't carrying any potions.
Okay, then.
You aren't carrying any items that you can evoke.
Unknown command.
You float gracefully downwards.
The orc wizard gestures at you while chanting.
The magic dart hits you!
* * * LOW HITPOINT WARNING * * *
Unknown command.
Unknown command.
Unknown command.
You hit the worker ant.
The worker ant is moderately wounded.
The worker ant misses you. The worker ant bites you.
You die...

# ##.#.#######
.>#
#.#.#.....###.#
#.#.........#.#
#.....###.#.#.#
#.P.P.# #.#.#.#
##.._.W###.#.#.#
#..P.P.......#.#
#.......##.###a#
#....#####.#<#@#
####W# #.#.#o#
#.# #.#.#.# #.#
#...#W#
#.#########.#
#...........#
#############


You could see a phantom, a worker ant and an orc wizard.

Vanquished Creatures
  A bullfrog (D:6)
  4 killer bees (D:7)
  A wight (D:6)
  An adder zombie (D:6)
  3 leopard geckos
  2 giant cockroaches
  A goblin (D:3)
  A kobold (D:1)
  A bat (D:3)
  A frilled lizard (D:3)
  2 rats
18 creatures vanquished.

Notes
Turn   | Place    | Note
-------+----------+-------------------------------------------
     0 | D:1      | 4thArraOfDagon the Barachi Fire Elementalist began the quest for the Orb.
     0 | D:1      | Reached XP level 1. HP: 13/13 MP: 3/3
    74 | D:3      | Found an iron altar of Okawaru.
    87 | D:3      | Reached XP level 2. HP: 7/19 MP: 0/5
   220 | D:5      | Entered Level 5 of the Dungeon
   242 | D:5      | Noticed Pikel
   242 | D:5      | Noticed a slave
   243 | D:5      | Noticed a slave
   243 | D:5      | Noticed a slave
   244 | D:5      | Noticed a slave
   374 | D:6      | Noticed a bullfrog
   374 | D:6      | Noticed a wight
   374 | D:6      | Noticed a wight
   375 | D:6      | Noticed a wight
   385 | D:6      | Killed a bullfrog
   385 | D:6      | Reached skill level 4 in Fire Magic
   385 | D:6      | Reached XP level 3. HP: 11/24 MP: 0/7
   385 | D:6      | Reached XP level 4. HP: 14/30 MP: 0/8
   414 | D:6      | Reached XP level 5. HP: 16/35 MP: 0/9
   423 | D:6      | Learned a level 3 spell: Conjure Flame
   428 | D:6      | Learned a level 4 spell: Sticky Flame
   464 | D:7      | Found a blossoming altar of Fedhas.
   516 | D:7      | Noticed a phantom
   525 | D:7      | Reached skill level 5 in Fire Magic
   525 | D:7      | Reached XP level 6. HP: 19/41 MP: 1/11
   567 | D:7      | HP: 2/41 [orc wizard/magic dart (6)]
   569 | D:7      | Slain by a worker ant

Vault maps used:
D:1:      minmay_arrival_four_houses
D:2:      yredelemnul_altar_generic
D:3:      okawaru_trees_1, uniq_crazy_yiuf_cottage
D:4:      grunt_temple_overflow_open, first_bread, bh_walls_and_bars
D:5:      temple_statues, chequers_ossuary_entry_cave, uniq_pikel, uniq_grinder
D:6:      minmay_misc_feat_more_columns
D:7:      kennysheep_six_static_rooms, fedhas_altar_1, elyvilon_altar_4

Skill      XL: |  1  2  3  4  5 |
---------------+----------------+-----
Conjurations   | 2 3 4 |  4.3
Fire Magic     | 4 5 |  5.4
Spellcasting   | 3 |  3.4
Dodging        | |  2.1
Stealth        | |  1.7

Action                   |  1- 3 |  4- 6 || total
-------------------------+-------+-------++-------
Melee: Unarmed           |     3 |       ||     3
       Flail             |     1 |     1 ||     2
 Cast: Flame Tongue      |    20 |    10 ||    30
       Sticky Flame      |       |     2 ||     2
       Conjure Flame     |       |     1 ||     1
 Abil: Hop               |     1 |     2 ||     3
  Use: Scroll            |     1 |     4 ||     5
       Potion            |       |     6 ||     6
Armor: Robe              |     3 |     4 ||     7
Dodge: Dodged            |    12 |    11 ||    23

Table legend:
 A = Spawn XP
 B = Non-spawn XP
 C = Spawn XP percentage of total XP
 D = Spawn monster count
 E = Non-spawn monster count
 F = Spawn count percentage of total count
 G = Total turns spent on level
                    A         B        C        D         E        F      G
               +---------+---------+-------+---------+---------+-------+---------
         Total |       0 |     427 |   0.0 |       0 |      18 |   0.0 |   569
               +---------+---------+-------+---------+---------+-------+---------
           D:1 |       0 |       2 |   0.0 |       0 |       1 |   0.0 |    41
           D:2 |       0 |       4 |   0.0 |       0 |       2 |   0.0 |    30
           D:3 |       0 |       7 |   0.0 |       0 |       5 |   0.0 |   100
           D:4 |       0 |       5 |   0.0 |       0 |       2 |   0.0 |    49
           D:6 |       0 |     153 |   0.0 |       0 |       3 |   0.0 |   203
           D:7 |       0 |     256 |   0.0 |       0 |       5 |   0.0 |   113
               +---------+---------+-------+---------+---------+-------+---------
